 Dungeon Crawl Stone Soup version 0.21-a0-536-gdbbf329 (webtiles) character file.

228 slep the Chopper (level 6, -4/32 HPs)
             Began as a Vine Stalker Gladiator on Dec 14, 2017.
             Slain by Ijyb
             ... wielding a +0 club
              (6 damage)
             ... on level 3 of the Dungeon.
             The game lasted 00:05:13 (1447 turns).

slep the Chopper (Vine Stalker Gladiator)           Turns: 1447, Time: 00:05:14

Health: -4/32      AC:  6    Str: 17    XL:     6   Next: 2%
Magic:  0/7        EV: 13    Int:  8    God:
Gold:   70         SH:  0    Dex: 17    Spells: 5/5 levels left

rFire    . . .     SeeInvis .   a - +0 war axe
rCold    . . .     Gourm    .   (no shield)
rNeg     . . .     Faith    .   r - +2 robe {MR+}
rPois    .         Spirit   +   c - +0 helmet
rElec    .         Reflect  .   (no cloak)
rCorr    .         Harm     .   (no gloves)
MR       +....                  i - +0 pair of boots
Stlth    ++........             (no amulet)
HPRegen  0.50/turn              (no ring)
MPRegen  0.10/turn              (no ring)

@: no status effects
A: fangs 2, regeneration 1, magic shield, antimagic bite, no potion heal 3, rot
immunity
a: no special abilities


You were on level 3 of the Dungeon.
You were not hungry.

You visited 1 branch of the dungeon, and saw 3 of its levels.

You collected 70 gold pieces.

Inventory:

Hand Weapons
 a - a +0 war axe (weapon)
Missiles
 d - 3 throwing nets (quivered)
Armour
 b - a +0 leather armour
 c - a +0 helmet (worn)
 i - a +0 pair of boots (worn)
 r - a +2 robe of magic resistance (worn)
Scrolls
 e - 2 scrolls of remove curse {unknown}
 g - 3 scrolls of fog {unknown}
 m - a scroll of teleportation {unknown}
 n - 2 scrolls of identify {unknown}
 q - a scroll of random uselessness {unknown}
Potions
 h - a potion of mutation {unknown}
 j - a potion of invisibility {unknown}
 l - 2 potions of lignification {unknown}
Comestibles
 f - a bread ration
 k - a fruit
 o - a royal jelly
 p - a meat ration


   Skills:
 + Level 2.4 Fighting
 + Level 4.4 Axes
 + Level 2.2 Throwing
 + Level 1.4 Armour
 + Level 3.1 Dodging
 + Level 1.0 Stealth


You had 5 spell levels left.
You didn't know any spells.

Dungeon Overview and Level Annotations

Branches:
Dungeon (3/15)

Altars:
Kikubaaqudgha
Qazlal
Yredelemnul
Zin

Shops:
D:2 *

Annotations:
D:3 Ijyb


Innate Abilities, Weirdness & Mutations

You have extremely sharp teeth.
Your natural rate of healing is unusually fast.
When hurt, damage is shared between your health and your magic reserves.
Your bite disrupts and absorbs the magic of your enemies.
Potions cannot restore your health.
You are immune to rotting.


Message History

Ijyb hits you but does no damage. Ijyb hits you with a club.
You hit Ijyb. Your bite misses Ijyb.
Ijyb is lightly wounded.
You closely miss the crimson imp.
The crimson imp hits you but does no damage.
Ijyb hits you with a club.
* * * LOW HITPOINT WARNING * * *
You hit Ijyb but do no damage. You bite Ijyb, but do no damage.
Ijyb is lightly wounded.
You hit the crimson imp.
The crimson imp hits you but does no damage.
Ijyb zaps a wand.
The puff of flame hits you!
* * * LOW HITPOINT WARNING * * *
The crimson imp hits you.
* * * LOW HITPOINT WARNING * * *
You hit Ijyb. Your bite misses Ijyb.
Ijyb is moderately wounded.
You hit the crimson imp but do no damage.
Ijyb hits you with a club.
You die...

#...........#
#..... #.###..##.#.
#..... #.#.......#
#..... #.#.##....#
#.....##.#.# #...#
+.....+....# ...#
##.....##.######..#
......g##.........#
......5@..##.###.>#
# #.#######.# .# .#
#... .. .#.# #..##
#. .... #..# #...
#+.#. .##


You could see Ijyb and a crimson imp.

Vanquished Creatures
  2 vampire bats (D:2)
  Jessica (D:2)
  A worker ant (D:2)
  3 adders
  An ooze (D:1)
  A worm (D:2)
  A dart slug (D:3)
  4 leopard geckos (D:2)
  6 bats
  2 bat skeletons (D:2)
  3 bat zombies (D:2)
  2 gnoll zombies (D:2)
  3 goblins
  7 hobgoblins
  7 jackals
  2 quokkas
  3 frilled lizards
  3 kobolds
  7 rats
59 creatures vanquished.

Notes
Turn   | Place    | Note
-------+----------+-------------------------------------------
     0 | D:1      | slep the Vine Stalker Gladiator began the quest for the Orb.
     0 | D:1      | Reached XP level 1. HP: 11/11 MP: 2/2
   178 | D:1      | Reached XP level 2. HP: 14/15 MP: 3/3
   246 | D:1      | Reached skill level 3 in Axes
   546 | D:2      | Found a glowing silver altar of Zin.
   547 | D:2      | Found Zin's Purification Station.
   585 | D:2      | Reached XP level 3. HP: 18/18 MP: 4/4
   861 | D:2      | Found a basalt altar of Yredelemnul.
  1049 | D:2      | Gained mutation: Your natural rate of healing is unusually fast. [Vine Stalker growth]
  1049 | D:2      | Reached XP level 4. HP: 17/23 MP: 2/5
  1147 | D:2      | Found an ancient bone altar of Kikubaaqudgha.
  1155 | D:2      | Reached skill level 1 in Armour
  1155 | D:2      | Reached XP level 5. HP: 24/26 MP: 4/6
  1161 | D:2      | Reached skill level 4 in Axes
  1161 | D:2      | Reached skill level 1 in Stealth
  1246 | D:2      | Noticed Jessica
  1256 | D:2      | Killed Jessica
  1355 | D:3      | Found a stormy altar of Qazlal.
  1426 | D:3      | Noticed Ijyb
  1429 | D:3      | Reached XP level 6. HP: 32/32 MP: 7/7
  1446 | D:3      | HP: 1/32 [crimson imp (1)]
  1447 | D:3      | Slain by Ijyb

Vault maps used:
D:1:      dpeg_arrival_water_temple_mockup, hangedman_decor_push
D:2:      zin_purify, lemuel_zombie_altar_yredelemnul,
          kennysheep_vampire_church, minmay_misc_feat_more_columns,
          grunt_ministairs_6, uniq_jessica
D:3:      hangedman_decor_clover_reticule, nicolae_qazlal_eye_of_the_storm,
          uniq_ijyb

Skill      XL: |  1  2  3  4  5 |
---------------+----------------+-----
Axes           | 3 4 |  4.4
Throwing       | 2 |  2.2
Fighting       | 2 |  2.4
Armour         | 1 |  1.4
Dodging        | 3 |  3.1
Stealth        | 1 |  1.0

Action                   |  1- 3 |  4- 6 || total
-------------------------+-------+-------++-------
Melee: War axe           |    77 |    73 ||   150
       Bite              |    20 |    25 ||    45
 Stab: Sleeping          |     2 |     2 ||     4
  Eat: Chunk             |     1 |     1 ||     2
Armor: Leather armour    |    17 |    32 ||    49
       Robe              |       |    19 ||    19
Dodge: Dodged            |    70 |    90 ||   160

Table legend:
 A = Spawn XP
 B = Non-spawn XP
 C = Spawn XP percentage of total XP
 D = Spawn monster count
 E = Non-spawn monster count
 F = Spawn count percentage of total count
 G = Total turns spent on level
                    A         B        C        D         E        F      G
               +---------+---------+-------+---------+---------+-------+---------
         Total |       0 |     326 |   0.0 |       0 |      59 |   0.0 |  1447
               +---------+---------+-------+---------+---------+-------+---------
           D:1 |       0 |      26 |   0.0 |       0 |      14 |   0.0 |   483
           D:2 |       0 |     253 |   0.0 |       0 |      33 |   0.0 |   836
           D:3 |       0 |      47 |   0.0 |       0 |      12 |   0.0 |   128
               +---------+---------+-------+---------+---------+-------+---------
